 Dungeon Crawl Stone Soup version 0.31-a0-1412-g7b7c7d10e1 (webtiles) character file.

Game seed: 12732763836740507851

140 Bnni the Digger (level 5, -4/37 (38) HPs)
             Began as a Formicid Earth Elementalist on Dec 26, 2023.
             Killed from afar by Ijyb (13 damage)
             ... with a bolt of dispelling energy
             ... on level 3 of the Dungeon.
             The game lasted 00:03:37 (2222 turns).

Bnni the Digger (Formicid Earth Elementalist)       Turns: 2222, Time: 00:03:38

HP:   -4/37 (38)    AC:  4    Str: 13    XL:     5   Next: 46%
MP:   1/9           EV: 12    Int: 16    God:
Gold: 139           SH:  0    Dex: 14    Spells: 4/10 levels left

rFire   . . .        d - +1 quarterstaff
rCold   . . .        (no shield)
rNeg    . . .        v - +2 robe {Will+}
rPois   .            (helmet unavailable)
rElec   .            (no cloak)
rCorr   .            (no gloves)
SInv    +            (no boots)
Will    +....        (no amulet)
Stlth   ++           (no ring)
HPRegen 0.26/turn    (no ring)
MPRegen 0.11/turn

%: no passive effects
@: lightly drained
A: permanent stasis, dig shafts and tunnels, antennae 3, four strong arms
a: Dig, Shaft Self


You were on level 3 of the Dungeon.
You visited 1 branch of the dungeon, and saw 3 of its levels.

You collected 139 gold pieces.

Inventory:

Hand Weapons
 d - a +1 quarterstaff (weapon)
Armour
 c - a +0 chain mail
 v - a +2 robe of willpower (worn)
Jewellery
 f - a ring of resist corrosion
 s - a ring of willpower
Wands
 a - a wand of roots (11)
Scrolls
 h - 3 scrolls of enchant weapon
 j - 2 scrolls of blinking {unknown}
 m - 2 scrolls of identify {unknown}
 r - 2 scrolls of vulnerability {unknown}
 t - a scroll of enchant armour {unknown}
Potions
 b - 2 potions of magic
 e - a potion of cancellation {unknown}
 g - a potion of heal wounds {unknown}
 i - a potion of degeneration {unknown}
 k - a potion of lignification {unknown}
 l - a potion of invisibility {unknown}
 n - a potion of attraction {unknown}
 o - 2 potions of might {unknown}
 p - a potion of enlightenment {unknown}
 q - a potion of curing {unknown}


   Skills:
 + Level 2.1 Fighting
 - Level 1.7 Dodging
 - Level 2.4 Stealth
 + Level 3.0 Spellcasting
 + Level 1.1 Conjurations
 * Level 5.3 Earth Magic
 - Level 2.0 Alchemy


You had 4 spell levels left.
You knew the following spells:

 Your Spells              Type           Power      Damage    Failure   Level
a - Sandblast             Erth           38%        2d10      1%          1
b - Passwall              Alch/Erth      11%        N/A       6%          2
c - Stone Arrow           Conj/Erth      24%        3d8       16%         3

Your spell library contained the following spells:

 Spells                   Type           Power      Damage    Failure   Level
 Petrify                  Alch/Erth      14%        N/A       38%         4
 Brom's Barrelling Bould  Conj/Erth      12%        2d4       45%         4


Dungeon Overview and Level Annotations

Branches:
Dungeon (3/15)

Altars:
Fedhas

Annotations:
D:3 Ijyb, Robin


Innate Abilities, Weirdness & Mutations

You cannot be hasted, slowed, berserked, paralysed or teleported.
You can dig through walls and to a lower floor.
You have a pair of large antennae on your head. (SInv)
Your four strong arms can wield two-handed weapons with a shield.


Message History

Aiming: Sandblast (safe; 1% risk of failure)
Press: ? - help, Q - select action, (/) - cycle Shift-Dir - straight line, f/p - Ijyb
Aim: Ijyb, wielding a +0 dagger, wearing a +0 leather armour and carrying a wand of quicksilver (moderately wounded, strong, 77% to hit)
The blast of sand hits Ijyb.
Ijyb is heavily wounded.
Ijyb hits you but does no damage. The goblin misses you.
Ijyb barely misses you. The goblin hits you with a +0 club.
Ijyb attacks as she pursues you! Ijyb barely misses you.
Aiming: Sandblast (safe; 1% risk of failure)
Press: ? - help, Q - select action, (/) - cycle Shift-Dir - straight line, f/p - Ijyb
Aim: Ijyb, wielding a +0 dagger, wearing a +0 leather armour and carrying a wand of quicksilver (heavily wounded, strong, 77% to hit)
The blast of sand hits Ijyb!
Ijyb is severely wounded.
Ijyb hits you with a +0 dagger. Robin throws the goblin at you!
The goblin completely misses you.
Aiming: Sandblast (safe; 1% risk of failure)
Press: ? - help, Q - select action, (/) - cycle Shift-Dir - straight line, f/p - Ijyb
Aim: Ijyb, wielding a +0 dagger, wearing a +0 leather armour and carrying a wand of quicksilver (severely wounded, strong, 77% to hit)
The blast of sand hits Ijyb.
Ijyb is severely wounded.
Ijyb completely misses you. The goblin barely misses you.
Ijyb closely misses you.
Aiming: Sandblast (safe; 1% risk of failure)
Press: ? - help, Q - select action, (/) - cycle Shift-Dir - straight line, f/p - Ijyb
Aim: Ijyb, wielding a +0 dagger, wearing a +0 leather armour and carrying a wand of quicksilver (severely wounded, strong, 77% to hit)
The blast of sand hits Ijyb but does no damage.
Ijyb is severely wounded.
The goblin misses you. Ijyb completely misses you.
The goblin closely misses you.
Aiming: Sandblast (safe; 1% risk of failure)
Press: ? - help, Q - select action, (/) - cycle Shift-Dir - straight line, f/p - Ijyb
Aim: Ijyb, wielding a +0 dagger, wearing a +0 leather armour and carrying a wand of quicksilver (severely wounded, strong, 77% to hit)
The blast of sand hits Ijyb but does no damage.
Ijyb is severely wounded.
The hobgoblin no longer looks unusually strong.
Ijyb hits you with a +0 dagger.
* * * LOW HITPOINT WARNING * * *
The goblin hits you but does no damage.
Ijyb zaps a wand.
The bolt of dispelling energy hits you!
You die...

### ##.....[§....#
##....#######.)#####
...............#
.... ..#......##
..... #.####.#
....†.##.# #.#
...†.g.gg## #.#
.....####g###.#
......w..Sg@g.#
.{...########## ,


You could see Ijyb (strong), a worm, Robin, an adder, 2 hobgoblins and a goblin
(strong).

Vanquished Creatures
  Jessica (D:3)
  An adder (D:2)
  3 gnolls (D:3)
  3 worms (D:2)
  2 dart slugs (D:1)
  7 ball pythons
  4 bats
  4 endoplasms
  9 goblins
  13 hobgoblins
  2 quokkas (D:3)
  4 frilled lizards
  3 kobolds
  5 rats
61 creatures vanquished.

Notes
Turn   | Place    | Note
-------+----------+-------------------------------------------
     0 | D:1      | Bnni the Formicid Earth Elementalist began the quest for
                  | the Orb.
     0 | D:1      | Reached XP level 1. HP: 13/13 MP: 3/3
   172 | D:1      | Reached XP level 2. HP: 19/19 MP: 3/5
   323 | D:1      | Reached skill level 4 in Earth Magic
   474 | D:1      | Reached skill level 1 in Fighting
   477 | D:1      | Reached XP level 3. HP: 18/26 MP: 0/6
   897 | D:2      | Learned a level 2 spell: Passwall
   902 | D:2      | Learned a level 3 spell: Stone Arrow
  1084 | D:2      | Reached XP level 4. HP: 32/32 MP: 4/8
  1775 | D:3      | Reached skill level 5 in Earth Magic
  1775 | D:3      | Reached XP level 5. HP: 38/38 MP: 3/9
  1958 | D:3      | Noticed Jessica
  1962 | D:3      | Killed Jessica
  1963 | D:3      | Reached skill level 1 in Conjurations
  2143 | D:3      | Found a blossoming altar of Fedhas.
  2209 | D:3      | Noticed Ijyb
  2209 | D:3      | Noticed Robin
  2222 | D:3      | Killed from afar by Ijyb

Illustrated notes

Levels and vault maps discovered:
D:1:      eino_arrival_druids_welcome, layout_loops_ring
D:2:      layout_loops_ring, kennysheep_generic_room_2
D:3:      layout_basic, mainiacjoe_overflow_concentric_impassable,
          nicolae_goblin_pals, uniq_jessica, uniq_grinder

Skill      XL: |  1  2  3  4  5 |
---------------+----------------+-----
Alchemy        | 2 |  2.0
Earth Magic    | 4 5 |  5.3
Fighting       | 1 2 |  2.1
Spellcasting   | 3 |  3.0
Conjurations   | 1 |  1.1
Dodging        | |  1.7
Stealth        | |  2.4

Action                     |  1- 3 |  4- 6 || total
---------------------------+-------+-------++-------
  Melee: Unarmed           |     1 |       ||     1
         Quarterstaff      |     6 |     3 ||     9
   Cast: Sandblast         |    43 |    46 ||    89
Ability: Dig               |       |     1 ||     1
    Use: Scroll            |       |     1 ||     1
 Armour: Robe              |     8 |    26 ||    34
  Dodge: Dodged            |    10 |    20 ||    30

Table legend: (Time is in decaauts)
 A = Elapsed time spent in this place.
 B = Non-inter-level travel time spent in this place.
 C = Inter-level travel time spent in this place.
 D = Time resting spent in this place.
 E = Time spent auto-exploring this place.
 F = Levels seen in this place.
 G = Mean time per level.
                   A        B        C        D        E       F      G
               +--------+--------+--------+--------+--------+-----+--------+
         Total |   2267 |   2226 |     41 |    130 |   1736 |   3 |  755.7 |
       Dungeon |   2267 |   2226 |     41 |    130 |   1736 |   3 |  755.7 |
               +--------+--------+--------+--------+--------+-----+--------+

Top non-repeatable levels by time:
     D:1: 905 daAuts
     D:2: 891 daAuts
     D:3: 470 daAuts
